AoeStats
← zamithdaniel

Lombardia

508524281Analyzed
2v2 RM · 10d ago on Sep 22, 2026· 46m 48s· 4 players
Game mode
Random Map
Map size
Medium (4 player)
Population
200
Speed
Normal
Resources
Standard
Victory
Conquest
Starting age
Dark Age
Ending age
Imperial Age
RankedLock teamsTeams togetherTeam positionsShared explorationLock speedFull tech treeHidden civsTurbo modeCheats
Victory
Defeat
🇨🇴 Turks · Colombia
898
+16
🇧🇷 Khmer · Brazil
847
+19
🇨🇴 Magyars · Colombia
907
-18
🇨🇴 Bulgarians · Colombia
903
-17
Kepuva
10:28 Feudal Age
17:51 Castle Age
20:42 Double-Bit Axe
23:03 Stone Mining
23:27 Bow Saw
23:10 Gold Mining
32:37 Imperial Age
36:01 Elite Ballista Elephant
38:55 Chemistry
40:09 Double Crossbow
42:43 Gold Shaft Mining
zamithdaniel
11:51 Feudal Age
13:31 Double-Bit Axe
13:37 Horse Collar
19:17 Castle Age
17:24 Gold Mining
23:10 Fortified Wall
31:24 Imperial Age
31:05 Padded Archer Armor
30:56 Fletching
31:20 Forging
34:45 Conscription
35:10 Stone Mining
36:35 Gold Shaft Mining
36:54 Loom
37:44 Wheelbarrow
36:55 Town Watch
37:20 Artillery
41:38 Elite Janissary
42:35 Bodkin Arrow
franvelasco_92
11:45 Feudal Age
10:00 Loom
13:47 Forging
13:38 Scale Mail Armor
13:40 Double-Bit Axe
13:42 Horse Collar
14:01 Arson
23:13 Castle Age
22:57 Scale Barding Armor
23:59 Husbandry
29:03 Bow Saw
28:55 Heavy Plow
29:33 Wheelbarrow
28:55 Gold Mining
28:56 Stone Mining
31:11 Gold Shaft Mining
31:11 Stone Shaft Mining
30:32 Gambesons
33:54 Pikeman
34:34 Squires
35:30 Hand Cart
42:50 Iron Casting
42:31 Chain Mail Armor
42:37 Chain Barding Armor
44:50 Imperial Age
44:57 Halberdier
45:23 Cavalier
SMosquera
7:27 Loom
10:01 Feudal Age
11:38 Double-Bit Axe
19:13 Scale Barding Armor
20:00 Stone Mining
20:04 Gold Mining
19:59 Horse Collar
24:29 Castle Age
22:51 Fletching
23:17 Bloodlines
25:23 Husbandry
27:00 Bow Saw
27:14 Chain Barding Armor
26:51 Bodkin Arrow
33:10 Pikeman
33:38 Arson
34:12 Heavy Plow
36:52 Gold Shaft Mining
37:54 Wheelbarrow
37:04 Town Watch
40:07 Corvinian Army
44:47 Imperial Age
Connection lost

Rejoining the realm…

Still unreachable

The connection could not be restored.

Session expired

The server has moved on; the page needs a fresh start.